 Dungeon Crawl Stone Soup version 0.30-a0-777-ga9a30cbeda (webtiles) character file.

Game seed: 12562981555970522392

121 retardedninja the Shield-Bearer (level 5, -2/49 HPs)
             Began as a Gargoyle Fighter on Feb 13, 2023.
             Was an Initiate of Gozag.
             Slain by Sigmund
             ... wielding a +0 scythe
              (4 damage)
             ... on level 3 of the Dungeon.
             The game lasted 00:04:10 (2283 turns).

retardedninja the Shield-Bearer (Gargoyle Fighter)  Turns: 2283, Time: 00:04:11

Health: -2/49      AC: 22    Str: 22    XL:     5   Next: 5%
Magic:  5/5        EV:  2    Int:  8    God:    Gozag
Gold:   118        SH:  4    Dex:  9    Spells: 4/4 levels left

rFire   . . .      SeeInvis .    a - +0 flail
rCold   . . .      Faith    .    c - +0 buckler
rNeg    + . .      Spirit   .    (body armour currently unavailable)
rPois   ∞          Reflect  .    (helmet currently unavailable)
rElec   .          Harm     .    (cloak currently unavailable)
rCorr   .          Rampage  .    (gloves currently unavailable)
Will    .....      NoTele   +    (boots currently unavailable)
Stlth   +                        (no amulet)
HPRegen 0.28/turn                (no ring)
MPRegen 0.09/turn                (no ring)

@: tree-form (expiring)
A: stationary, stasis, torment immunity, boosted hp, sickness immunity, AC +4,
negative energy resistance 1, (electricity resistance), torment resistance 1,
petrification resistance
a: Renounce Religion, Potion Petition, Call Merchant, Bribe Branch


You were on level 3 of the Dungeon.
You worshipped Gozag.
Gozag was aware of your devotion.
You were a tree.
You visited 1 branch of the dungeon, and saw 3 of its levels.

You collected 163 gold pieces.
You paid 45 gold pieces to Gozag.

Inventory:

Hand Weapons
 a - a +0 flail (weapon)
Armour
 b - a +0 scale mail (melded)
 c - a +0 buckler (worn)
 e - a +0 helmet (melded)
 k - a +0 pair of boots (melded)
 m - a +0 pair of gloves (melded)
Scrolls
 f - 2 scrolls of vulnerability {unknown}
 g - a scroll of brand weapon {unknown}
 h - 3 scrolls of magic mapping {unknown}
 i - 2 scrolls of amnesia {unknown}
 l - 2 scrolls of teleportation {unknown}
 n - a scroll of noise {unknown}
 p - 3 scrolls of identify {unknown}
 q - a scroll of enchant weapon {unknown}


   Skills:
 + Level 4.1 Fighting
 + Level 3.0 Maces & Flails
 + Level 4.1 Armour
 + Level 4.1 Shields


You had 4 spell levels left.
You didn't know any spells.
Your spell library contained the following spells:

 Spells                   Type           Power      Damage    Failure   Level
 Apportation              Tloc           0%         N/A       50%         1
 Foxfire                  Conj/Fire      0%         2x1d4     50%         1
 Magic Dart               Conj           0%         1d3       50%         1
 Shock                    Conj/Air       0%         1d3       50%         1
 Call Imp                 Summ           0%         N/A       63%         2
 Mephitic Cloud           Conj/Pois/Air  0%         N/A       86%         3
 Swiftness                Air            0%         N/A       86%         3
 Airstrike                Air            0%         2d(0-16)  99%         4
 Alistair's Intoxication  Tmut/Pois      0%         N/A       100%        5
 Fireball                 Conj/Fire      0%         3d3       100%        5
 Starburst                Conj/Fire      0%         6d3       100%        6


Dungeon Overview and Level Annotations

Branches:
Dungeon (3/15)

Altars:
Dithmenos
Gozag

Annotations:
D:3 Sigmund


Innate Abilities, Weirdness & Mutations

You are a tree.
Your roots penetrate the ground, keeping you stationary.
You cannot be teleported.
You are immune to unholy pain and torment.
Your maximum health is greatly increased.
Your equipment is partially melded.
You are immune to sickness and miasma.
((Your stone body is resilient. (AC +4)))
You are immune to poison.
You resist negative energy. (rN+)
((You are resistant to electric shocks. (rElec)))
You are resistant to unholy torment.
You are immune to petrification.


Message History

You hear some strange, mumbled words.
You are more confused.
Something hits you but does no damage. Something hits you but does no damage.
Something hits you.
You hear some strange, mumbled words.
A puff of flame appears from out of thin air!
The puff of flame hits you!
* * * LOW HITPOINT WARNING * * *
Something hits you.
* * * LOW HITPOINT WARNING * * *
You aren't carrying any potions.
You are too confused!
Something hits you but does no damage.
You feel less confused. Something hits you but does no damage.
Something hits you but does no damage. Something hits you but does no damage.
Something hits you but does no damage. Something hits you but does no damage.
Something hits you but does no damage.
Sigmund appears from thin air!
Reactivating autopickup.
Sigmund hits you from afar with a +0 scythe.
* * * LOW HITPOINT WARNING * * *
Your extra speed is starting to run out.
You block Sigmund's attack. Sigmund hits you but does no damage.
You feel a little less mighty now. Sigmund barely misses you.
Your transformation is almost over.
You feel yourself slow down. Sigmund hits you but does no damage.
Sigmund hits you but does no damage.
Sigmund hits you from afar with a +0 scythe.
* * * LOW HITPOINT WARNING * * *
Sigmund hits you from afar with a +0 scythe.
* * * LOW HITPOINT WARNING * * *
Sigmund hits you from afar with a +0 scythe.
You die...
Your body crumbles into a pile of gold.

#.# ##.......##.## #.#
#.#.....##..) ..##
#.##........# #..
#.##....##... $ #.#
#.#....#####. #.#
#.#.#..###... #.#
##..........## #
#.###....#..##### #..
##♣##..#........#
#?...#$$$..###.......#
#[....@..###
#...)...### #....#.###
#.......... #......
#.##....... ....... #.
#<...... ......[
#.†..... .......
.##....... .......
#.........


You could see Sigmund.

Vanquished Creatures
  A gnoll (D:1)
  Robin (D:2)
  3 adders
  A worm (D:3)
  A dart slug (D:2)
  An orc (D:3)
  4 ball pythons
  6 bats
  7 endoplasms
  4 giant cockroaches
  14 goblins
  6 hobgoblins
  2 jackals (D:3)
  5 kobolds
  2 frilled lizards (D:2)
  8 rats
66 creatures vanquished.

Notes
Turn   | Place    | Note
-------+----------+-------------------------------------------
     0 | D:1      | retardedninja the Gargoyle Fighter began the quest for the
                  | Orb.
     0 | D:1      | Reached XP level 1. HP: 14/14 MP: 1/1
    25 | D:1      | Reached XP level 2. HP: 5/19 MP: 2/2
   387 | D:1      | Reached XP level 3. HP: 23/23 MP: 3/3
   978 | D:2      | Noticed Robin
   983 | D:2      | Reached XP level 4. HP: 20/29 MP: 4/4
   991 | D:2      | Killed Robin
  1932 | D:3      | Found an opulent altar of Gozag.
  1984 | D:3      | Became a worshipper of Gozag Ym Sagoz the Greedy
  2121 | D:3      | Found a shadowy altar of Dithmenos.
  2201 | D:3      | Noticed Sigmund
  2221 | D:3      | Reached XP level 5. HP: 9/33 MP: 5/5
  2282 | D:3      | HP: 2/49 [Sigmund/+0 scythe (2)]
  2283 | D:3      | Slain by Sigmund

Illustrated notes

Levels and vault maps discovered:
D:1:      dpeg_arrival_pond, layout_rooms
D:2:      layout_loops_ring, minmay_between, uniq_robin
D:3:      layout_rooms, lemuel_coloured_pillars_altar,
          mainiacjoe_overflow_catwalk, uniq_sigmund

Skill      XL: |  1  2  3  4 |
---------------+-------------+-----
Shields        | 4 |  4.1
Fighting       | 4 |  4.1
Armour         | 4 |  4.1
Maces & Flails | 3 |  3.0

Action                     |  1- 3 |  4- 6 || total
---------------------------+-------+-------++-------
  Melee: Flail             |    89 |   106 ||   195
    Use: Potion            |       |     5 ||     5
 Armour: Scale mail        |    52 |    90 ||   142
         Skin              |       |    26 ||    26
  Dodge: Dodged            |    42 |    64 ||   106
  Block: Buckler           |    19 |    30 ||    49

Table legend: (Time is in decaauts)
 A = Elapsed time spent in this place.
 B = Non-inter-level travel time spent in this place.
 C = Inter-level travel time spent in this place.
 D = Time resting spent in this place.
 E = Time spent auto-exploring this place.
 F = Levels seen in this place.
 G = Mean time per level.
                   A        B        C        D        E       F      G
               +--------+--------+--------+--------+--------+-----+--------+
         Total |   2323 |   2245 |     78 |    565 |   1148 |   3 |  774.3 |
       Dungeon |   2323 |   2245 |     78 |    565 |   1148 |   3 |  774.3 |
               +--------+--------+--------+--------+--------+-----+--------+

Top non-repeatable levels by time:
     D:2: 1048 daAuts
     D:1: 752 daAuts
     D:3: 523 daAuts
